 Dungeon Crawl Stone Soup version 0.31-a0-1074-g0b22e4e0f1 (webtiles) character file.

Game seed: 3175163206650121118

2457 monsoonserge the Grappler (level 9, 0/80 HPs)
             Began as a Troll Shapeshifter on Dec 2, 2023.
             Was a Follower of Wu Jian.
             Slain by a killer bee (4 damage)
             ... on level 7 of the Dungeon.
             The game lasted 00:14:02 (4628 turns).

monsoonserge the Grappler (Troll Shapeshifter)      Turns: 4628, Time: 00:14:02

Health: 0/80       AC:  5    Str: 28    XL:     9   Next: 26%
Magic:  8/8        EV: 10    Int:  6    God:    Wu Jian [*.....]
Gold:   430        SH:  0    Dex:  9    Spells: 6/8 levels left

rFire   . .          .
                       - Unarmed
rCold   . . .        (shield currently unavailable)
rNeg    . . .        a - +0 animal skin
rPois   .            g - +1 hat
rElec   .            (no cloak)
rCorr   .            (gloves unavailable)
SInv    +            (boots unavailable)
Will    .....        A - amulet of regeneration
Stlth   +            e - ring of see invisible
HPRegen 1.93/turn    l - ring of flight
MPRegen 0.11/turn

%: no passive effects
@: flux-form, flying, glowing
A: glow, contaminating, large, unfitting armour, claws 3, regeneration 1, shaggy
fur 1, tough skin 1
a: Begin Untransformation, Renounce Religion


You were on level 7 of the Dungeon.
You worshipped Wu Jian.
Wu Jian was aware of your devotion.
You were something dangerously unstable.
You visited 2 branches of the dungeon, and saw 8 of its levels.

You collected 430 gold pieces.

Inventory:

Missiles
 u - 6 poisoned darts
 F - a boomerang
Armour
 a - a +0 animal skin (worn)
 g - a +1 hat (worn)
Jewellery
 e - a ring of see invisible (left claw)
 l - a ring of flight (right claw)
 z - an amulet of guardian spirit
 A - an amulet of regeneration (around neck)
Talismans
 d - a flux talisman (active)
 G - a dragon-blood talisman
Wands
 p - a wand of flame (20) (quivered)
 w - a wand of charming (5)
Scrolls
 h - a scroll of blinking
 i - 3 scrolls of teleportation
 k - a scroll of fear {unknown}
 n - 2 scrolls of vulnerability {unknown}
 q - 2 scrolls of enchant weapon {unknown}
 t - 2 scrolls of enchant armour {unknown}
 v - 2 scrolls of acquirement {unknown}
 y - 2 scrolls of silence {unknown}
 B - a scroll of poison {unknown}
 C - a scroll of fog {unknown}
 D - 2 scrolls of immolation {unknown}
 E - a scroll of revelation {unknown}
Potions
 b - 2 potions of lignification
 f - 3 potions of invisibility {unknown}
 j - a potion of heal wounds
 m - a potion of enlightenment
 o - 3 potions of berserk rage
 r - 3 potions of curing
 s - 3 potions of might
 x - a potion of mutation


   Skills:
 + Level 2.4 Fighting
 + Level 3.5 Dodging
 * Level 8.3 Unarmed Combat
 * Level 0.3 Spellcasting
 * Level 0.3 Translocations
 - Level 1.0 Evocations
 + Level 8.1 Shapeshifting


You had 6 spell levels left.
You knew the following spells:

 Your Spells              Type           Power      Damage    Failure   Level
a - Blink                 Tloc           0%         N/A       54%         2

Your spell library contained the following spells:

 Spells                   Type           Power      Damage    Failure   Level
 Volatile Blastmotes      Fire/Tloc      0%         2d10      80%         3
 Dazzling Flash           Conj/Hex       0%         N/A       83%         3
 Manifold Assault         Tloc           0%         N/A       99%         4
 Starburst                Conj/Fire      0%         6d3       100%        6
 Maxwell's Capacitive Co  Air            0%         ∞         100%        8


Dungeon Overview and Level Annotations

Branches:
Dungeon (7/15)             Temple (1/1) D:6

Altars:
Ashenzari
Cheibriados
Dithmenos
Elyvilon
Fedhas
Gozag
Hepliaklqana
Kikubaaqudgha
Makhleb
Nemelex Xobeh
Okawaru
Qazlal
Ru
Sif Muna
Trog
Uskayaw
Wu Jian
Yredelemnul
Zin
The Shining One

Shops:
D:3 (   D:4 =

Annotations:
D:6 1 runed translucent door, Smoke131's ghost, novice OgGl
Temple 4 transporters


Innate Abilities, Weirdness & Mutations

You are something dangerously unstable.
You glow with magical radiation, making you easy to see and hit.
Foes you strike become dangerously contaminated with magical radiation.
You are incapable of wielding weapons or throwing items.
You are too large for most types of armour.
You have claws for hands.
Your natural rate of healing is unusually fast.
You are covered in fur. (AC +1)
You have tough skin. (AC +1)


Message History

The killer bee poisons you!
You spin and attack the killer bee repeatedly.
You miss the killer bee. You barely miss the killer bee.
You spin and attack the killer bee.
You scratch the killer bee.
The killer bee begins to glow.
The killer bee is lightly wounded.
You feel very sick.
The killer bee closely misses you. x2; The killer bee stings you.
* * * LOW HITPOINT WARNING * * *
The killer bee stings you.
* * * LOW HITPOINT WARNING * * *
The killer bee closely misses you.
There is a stone staircase leading up, spattered with blood here.
Items here: ) [ ††.
Okay, then.
You spin and attack the killer bee.
You scratch the killer bee.
The killer bee glows dangerously bright.
The killer bee is heavily wounded.
You feel very sick.
The killer bee stings you but does no damage.
The killer bee stings you!
* * * LOW HITPOINT WARNING * * *
You are more poisoned.
The killer bee poisons you!
The killer bee stings you but does no damage.
The killer bee stings you.
* * * LOW HITPOINT WARNING * * *
You are lethally poisoned!
The killer bee poisons you!
Unknown command.
Okay, then.
You feel better. The killer bee stings you.
* * * LOW HITPOINT WARNING * * *
The killer bee stings you but does no damage.
The killer bee barely misses you. The killer bee stings you!
* * * LOW HITPOINT WARNING * * *
The killer bee stings you.
* * * LOW HITPOINT WARNING * * *
The killer bee stings you.
You die...

### .. # # ....#.#
##. #.....#
#######.###.$..#
........y##....#
####py......# ..
#....y......# #.# .#
#.##[###.#.># #.# .#
#.##.###.#..#
###.###.#
#.##))......#
.<......#
#.##...###..#
.##.##..# #.##...#
..#
.##.##..#####.##...#
.#
[.............##...#
..


You could see 3 killer bees.

Vanquished Creatures
  Joseph (D:6)
  Grinder (D:4)
  Menkaure (D:4)
  A water moccasin (D:5)
  3 orc warriors
  An ogre (D:5)
  A centaur (D:6)
  2 phantoms
  4 scorpions (D:6)
  2 killer bees
  2 hounds (D:5)
  3 jellies (D:6)
  5 orc priests
  2 iguanas
  Ijyb (D:4)
  5 orc wizards
  4 gnolls (D:4)
  9 adders
  2 shadow imps
  A white imp (D:5)
  4 ufetubi
  2 worms
  2 dart slugs
  23 orcs
  11 endoplasms
  4 giant cockroaches
  8 goblins
  10 hobgoblins
  4 jackals (D:1)
  4 kobolds
  5 quokkas
  5 ball pythons
  3 bats
  5 frilled lizards
  3 rats
144 creatures vanquished.

Vanquished Creatures (collateral kills)
  An orc priest (D:5)
1 creature vanquished.

Grand Total: 145 creatures vanquished

Notes
Turn   | Place    | Note
-------+----------+-------------------------------------------
     0 | D:1      | monsoonserge the Troll Shapeshifter began the quest for the
                  | Orb.
     0 | D:1      | Reached XP level 1. HP: 18/18 MP: 0/0
   120 | D:1      | Reached XP level 2. HP: 26/26 MP: 1/1
   433 | D:1      | Reached XP level 3. HP: 32/32 MP: 2/2
   811 | D:2      | Learned a level 2 spell: Blink
   821 | D:2      | Reached XP level 4. HP: 40/40 MP: 3/3
  1068 | D:3      | Found Ineittut's Weapon Shop.
  1269 | D:3      | Reached skill level 1 in Fighting
  1277 | D:3      | Reached skill level 5 in Shapeshifting
  1633 | D:4      | Noticed Grinder
  1781 | D:4      | Found Deqi's Jewellery Shop.
  1900 | D:4      | Reached XP level 5. HP: 24/48 MP: 4/4
  2029 | D:4      | Killed Grinder
  2030 | D:4      | Reached XP level 6. HP: 25/55 MP: 5/5
  2077 | D:4      | Found a sacrificial altar of Ru.
  2308 | D:4      | Noticed Ijyb
  2332 | D:4      | Killed Ijyb
  2357 | D:4      | Noticed Menkaure
  2363 | D:4      | Killed Menkaure
  2364 | D:4      | Reached XP level 7. HP: 51/62 MP: 6/6
  2588 | D:5      | Entered Level 5 of the Dungeon
  2895 | D:5      | Reached skill level 5 in Unarmed Combat
  2974 | D:5      | Reached skill level 1 in Evocations
  2979 | D:5      | Reached XP level 8. HP: 54/70 MP: 3/7
  3514 | D:6      | Found an ancient bone altar of Kikubaaqudgha.
  3542 | D:6      | Found a staircase to the Ecumenical Temple.
  3548 | Temple   | Found a transporter.
  3548 | Temple   | Found a transporter.
  3548 | Temple   | Found a transporter.
  3548 | Temple   | Found a transporter.
  3548 | Temple   | Entered the Ecumenical Temple
  3566 | Temple   | Became a worshipper of the Wu Jian Council
  3593 | D:6      | You are sucked into a shaft and drop 1 floor!
  3979 | D:6      | Found a runed translucent door.
  3980 | D:6      | Noticed Smoke131's ghost (novice OgGl)
  4051 | D:6      | Found an iron altar of Okawaru.
  4375 | D:7      | Noticed Joseph
  4394 | D:6      | Killed Joseph
  4395 | D:6      | Reached XP level 9. HP: 28/80 MP: 8/8
  4449 | D:7      | Reached * piety under Wu Jian
  4628 | D:7      | HP: 4/80 [killer bee (6)]
  4628 | D:7      | Slain by a killer bee

Illustrated notes

Levels and vault maps discovered:
D:1:      minmay_arrival_checkered_box, layout_basic, hangedman_decor_growths,
          amcnicky_mini_pool_small
D:2:      layout_rooms
D:3:      layout_loops_cross, serial_shops, shop
D:4:      layout_basic, lemuel_round_altar, serial_shops, shop, abandoned_shop,
          uniq_ijyb, uniq_grinder, uniq_menkaure
D:5:      layout_basic
D:6:      layout_basic, okawaru_trees_1, mainiacjoe_overflow_surrounded_room,
          minmay_temple_entry_drinking_statues, gammafunk_ghost_grave,
          st_stairs_2
D:7:      layout_loops_ring, gammafunk_ghost_hive, dreamdust_wishing_well,
          nicolae_nh_ransacked_shop, uniq_joseph
Temple:   hellmonk_temple_divided_pantheon

Skill      XL: |  1  2  3  4  5  6  7  8 |
---------------+-------------------------+-----
Shapeshifting  | 4 5 6 7 8 |  8.1
Fighting       | 1 2 |  2.4
Dodging        | 2 3 |  3.5
Unarmed Combat | 5 8 |  8.3
Evocations     | 1 |  1.0
Spellcasting   | |  0.3
Translocations | |  0.3

Action                     |  1- 3 |  4- 6 |  7- 9 || total
---------------------------+-------+-------+-------++-------
  Melee: Unarmed           |    84 |    98 |   234 ||   416
         Punch             |     1 |     4 |       ||     5
Ability: Lunge             |       |       |     4 ||     4
         Whirlwind         |       |       |     6 ||     6
  Evoke: Wand              |       |       |     1 ||     1
    Use: Scroll            |       |     5 |     3 ||     8
         Potion            |       |       |     1 ||     1
 Armour: Animal skin       |    49 |    63 |   230 ||   342
  Dodge: Dodged            |    33 |    45 |   183 ||   261
   Form: Flux              |       |     1 |       ||     1

Table legend: (Time is in decaauts)
 A = Elapsed time spent in this place.
 B = Non-inter-level travel time spent in this place.
 C = Inter-level travel time spent in this place.
 D = Time resting spent in this place.
 E = Time spent auto-exploring this place.
 F = Levels seen in this place.
 G = Mean time per level.
                   A        B        C        D        E       F      G
               +--------+--------+--------+--------+--------+-----+--------+
         Total |   4600 |   4214 |    386 |     96 |   2621 |   8 |  575.0 |
       Dungeon |   4561 |   4209 |    352 |     96 |   2621 |   7 |  651.6 |
        Temple |     39 |      5 |     34 |      0 |      0 |   1 |   39.0 |
               +--------+--------+--------+--------+--------+-----+--------+

Top non-repeatable levels by time:
     D:6: 1170 daAuts
     D:4: 836 daAuts
     D:3: 701 daAuts
     D:5: 683 daAuts
     D:1: 597 daAuts
     D:2: 443 daAuts
     D:7: 128 daAuts
  Temple: 39 daAuts
